 Dungeon Crawl Stone Soup version 0.17-a0-1115-g0372368 (console) character file.

30 Monkaria the Skirmisher (level 3, 0/30 HPs)
             Began as a Demonspawn Chaos Knight on May 23, 2015.
             Slain by a jackal (1 damage)
             ... on level 2 of the Dungeon.
             The game lasted 00:00:59 (791 turns).

Monkaria the Skirmisher (Demonspawn Chaos Knight)    Turns: 791, Time: 00:00:59

Health: 0/30       AC:  6    Str: 13    XL:     3   Next: 3%
Magic:  3/3        EV: 11    Int: 13    God:    Xom [..*...]
Gold:   41         SH:  0    Dex: 12    Spells: 0 memorised, 2 levels left

rFire  . . .     SeeInvis .     a - +0 falchion (chaos)
rCold  . . .     Clarity  .     b - +2 leather armour
rNeg   . . .     SustAt   .     (no shield)
rPois  .         Gourm    .     g - +1 hat
rElec  .         Spirit   .     (no cloak)
rCorr  .         Warding  .     (no gloves)
rMut   .         Stasis   .     (no boots)
MR     .....                    (no amulet)
Stlth  +.........               (no ring)
                                (no ring)

@: not resistant to hostile enchantments, very unstealthy
A: horns 1
a: Renounce Religion


You were on level 2 of the Dungeon.
You worshipped Xom.
You were a toy of Xom.
You were not hungry.

You visited 1 branch of the dungeon, and saw 2 of its levels.

You collected 41 gold pieces.

Inventory:

Hand weapons
 a - a +0 falchion of chaos (weapon)
Armour
 b - a +2 leather armour (worn)
 g - a +1 hat (worn)
Jewellery
 d - an uncursed ring of teleportation
Magical devices
 m - a wand of slowing (25)
Scrolls
 f - 2 scrolls of remove curse
 h - a scroll of identify {unknown}
 j - a scroll of enchant armour {unknown}
 n - a scroll of magic mapping {unknown}
 o - a scroll of blinking {unknown}
Potions
 e - a potion of flight {unknown}
 k - a potion of curing {unknown}
 l - a potion of ambrosia {unknown}
 p - a potion of heal wounds {unknown}
Comestibles
 c - a bread ration
 i - a beef jerky


   Skills:
 + Level 4.2 Fighting
 - Level 2.6 Long Blades
 - Level 1.7 Armour
 - Level 0.8 Dodging


You had 2 spell levels left.
You didn't know any spells.

Dungeon Overview and Level Annotations

Branches:
Dungeon (2/15)

Altars:
Cheibriados


Innate Abilities, Weirdness & Mutations

You have a pair of small horns on your head.


Message History

Your headbutt misses something.
The jackal bites you but does no damage.
Something hits you.
You barely miss the jackal. You headbutt the jackal.
You kill the jackal!
The gnoll hits you from afar with a spear.
Something hits you. The gnoll hits you.
You hit the gnoll. You drain the gnoll!
You kill the gnoll!
You have reached level 3!
Your experience leads to an increase in your attributes!
Increase (S)trength, (I)ntelligence, or (D)exterity?
You feel stronger.
The gnoll hits you from afar with a spear.
Something hits you.
* * * LOW HITPOINT WARNING * * *
The gnoll hits you from afar with a spear!
* * * LOW HITPOINT WARNING * * *
The jackal bites you.
You die...

####
...#............####
...#.......##......#
._.#....... ....#.#
...#......## #.....#
...#....... .....
####.....######..g
#.............h#
#....########@#
##'#..........#
#.#######.#### # #.#
#.......#
#####.#####
####.####
.#........# #
.#......#.#
.#.#...##
##.##......


You could see a gnoll and a jackal.

Vanquished Creatures
  A gnoll (D:2)
  3 bats (D:1)
  4 hobgoblins
  A jackal (D:2)
  3 kobolds
  A ball python (D:1)
  3 giant newts (D:1)
  5 goblins
21 creatures vanquished.

Notes
Turn   | Place    | Note
--------------------------------------------------------------
     0 | D:1      | Monkaria the Demonspawn Chaos Knight began the quest for the Orb.
     0 | D:1      | Reached XP level 1. HP: 18/18 MP: 1/1
    62 | D:1      | XOM: smoke on damage
    65 | D:1      | XOM: potion effect (haste)
    67 | D:1      | XOM: silly message
   244 | D:1      | Gained mutation: You have a pair of small horns on your head. [demonic ancestry]
   244 | D:1      | Reached XP level 2. HP: 12/24 MP: 2/2
   609 | D:2      | Found a snail-covered altar of Cheibriados.
   685 | D:2      | Reached skill level 4 in Fighting
   791 | D:2      | Reached XP level 3. HP: 15/30 MP: 3/3
   791 | D:2      | HP: 1/30 [gnoll/spear (7)]
   791 | D:2      | Slain by a jackal

Vault maps used:
D:1:      lightli_arrival_farm
D:2:      lemuel_round_altar, cheibriados_altar_wand_db, zin_scriptorium,
          minmay_misc_feat_more_columns, minmay_quantized

Action                   || total
-------------------------++-------
Melee: Falchion          ||    65
  Use: Scroll            ||     1
